 Dungeon Crawl Stone Soup version 0.23-a0-143-g1adec7b (webtiles) character file.

130888 TheGoonsmith the Warrior (level 17, -6/113 HPs)
             Began as a Gargoyle Fire Elementalist on Sept 2, 2018.
             Was a High Priest of Vehumet.
             Killed from afar by a nagaraja (42 damage)
             ... with an orb of energy
             ... on level 2 of the Snake Pit on Sept 3, 2018.
             The game lasted 01:27:32 (38319 turns).

TheGoonsmith the Warrior (GrFE)                    Turns: 38319, Time: 01:27:33

Health: -6/113     AC: 35    Str: 15    XL:     17   Next: 9%
Magic:  5/42       EV:  9    Int: 44    God:    Vehumet [*****.]
Gold:   677        SH:  0    Dex:  8    Spells: 15/40 levels left

rFire    . . .     SeeInvis .   M - +1 great sword (holy)
rCold    . . .     Gourm    .   (shield currently unavailable)
rNeg     + . .     Faith    .   e - +0 chain mail "Gyffob" {rPois rCorr Int+10 Dex-2} (curse)
rPois    ∞         Spirit   .   l - +2 helmet of Exclusion {Int+6}
rElec    +         Reflect  .   W - +2 cloak of the Black Moon {+Blink Stlth+}
rCorr    +         Harm     .   G - +2 pair of gloves {Str+3}
MR       ++...                  m - +2 pair of boots
Stlth    ..........             (no amulet)
HPRegen  0.28/turn              J - ring "Lelamir" {rPois MR+ MP+9}
MPRegen  0.28/turn              Q - ring of Pyromania {rElec Int+3 Stlth-}

@: no status effects
A: big wings, claws 1, hooves 1, clever 1, negative energy resistance 1,
electricity resistance, unbreathing, petrification resistance, rot immunity, AC
+12
a: Fly, Renounce Religion, Evoke Blink


You were on level 2 of the Snake Pit.
You worshipped Vehumet.
Vehumet was extremely pleased with you.
You were not hungry.

You visited 4 branches of the dungeon, and saw 25 of its levels.
You also visited: Labyrinth.

You collected 3154 gold pieces.
You spent 2477 gold pieces at shops.

Inventory:

Hand Weapons
 M - a +1 great sword of holy wrath (weapon)
Missiles
 A - 3 throwing nets (quivered)
Armour
 e - the cursed +0 chain mail "Gyffob" (worn) {rPois rCorr Int+10 Dex-2}
   (You bought it in a shop on level 7 of the Dungeon)

   It affects your intelligence (+10).
   It affects your dexterity (-2).
   It protects you from poison.
   It provides partial protection from all sources of acid and corrosion.
   It has a curse placed upon it.
 j - a +2 robe of the Archmagi
 l - the +2 helmet of Exclusion (worn) {Int+6}
   (You acquired it on level 7 of the Dungeon)

   It affects your intelligence (+6).
 m - a +2 pair of boots (worn)
 o - a +0 buckler
 s - a +2 leather armour of cold resistance
 u - a +2 helmet
 G - a +2 pair of gloves of strength (worn)
 L - a +2 cloak
 W - the +2 cloak of the Black Moon (worn) {+Blink Stlth+}
   (You found it on level 6 of the Lair of Beasts)

   It lets you blink.
   It makes you more stealthy.
 Z - +0 fire dragon scales
Magical Staves
 p - an uncursed staff of wizardry
Jewellery
 I - an uncursed ring of protection from fire
 J - the ring "Lelamir" (left hand) {rPois MR+ MP+9}
   (You took it off a minotaur in a labyrinth)

   [ring of protection from magic]

   It protects you from poison.
   It affects your resistance to hostile enchantments.
   It affects your magic capacity (+9).
 Q - the ring of Pyromania (right hand) {rElec Int+3 Stlth-}
   (You found it on level 1 of the Lair of Beasts)

   [ring of attention]

   It affects your intelligence (+3).
   It insulates you from electricity.
   It makes you less stealthy.
 T - an uncursed ring of fire
 X - an uncursed amulet of magic regeneration {unknown}
Wands
 b - a wand of digging (16)
 y - a wand of random effects (23)
 z - a wand of flame (137)
 B - a wand of acid (11)
 D - a wand of iceblast (12)
 O - a wand of scattershot (15)
 P - a wand of polymorph (60)
 S - a wand of enslavement (10)
Scrolls
 a - a scroll of silence
 f - 12 scrolls of teleportation
 i - 12 scrolls of remove curse
 n - 2 scrolls of fear
 r - 3 scrolls of identify
 v - 6 scrolls of enchant armour
 w - 4 scrolls of amnesia
 E - 4 scrolls of blinking
 H - a scroll of fog
 U - 2 scrolls of enchant weapon
 V - a scroll of magic mapping
Potions
 d - 2 potions of brilliance
 g - 3 potions of haste
 h - 5 potions of lignification
 k - 5 potions of mutation
 q - 3 potions of might
 t - 4 potions of heal wounds
 x - 3 potions of cancellation
 C - 10 potions of curing
 F - 2 potions of ambrosia
 K - 2 potions of resistance
 N - 3 potions of agility
 R - 2 potions of berserk rage
Comestibles
 c - 52 rations


   Skills:
 - Level 15.0 Fighting
 - Level 8.0 Long Blades
   Level 8.0 Maces & Flails
 - Level 5.0 Armour
 - Level 10.5 Dodging
 - Level 2.1 Stealth
 - Level 4.4 Shields
 - Level 12.0 Spellcasting
 + Level 12.2 Conjurations
 - Level 3.1 Charms
 + Level 4.6 Summonings
 - Level 9.0 Fire Magic
 - Level 4.0 Ice Magic


You had 15 spell levels left.
You knew the following spells:

 Your Spells              Type           Power        Failure   Level  Hunger
a - Flame Tongue          Conj/Fire      #####        1%          1    None
b - Searing Ray           Conj           ######       1%          2    None
c - Conjure Flame         Conj/Fire      #######.     1%          3    None
d - Spellforged Servitor  Conj/Summ      #######...   75%         7    ####...
f - Fireball              Conj/Fire      #######...   1%          5    None
s - Sticky Flame          Conj/Fire      #######.     1%          4    None
z - Ozocubu's Armour      Chrm/Ice       ######..     13%         3    None

Your spell library contained the following spells:

 Spells                   Type           Power        Failure   Level  Hunger
 Ozocubu's Refrigeration  Ice            ######....   78%         6    ##.....
 Freeze                   Ice            ####         1%          1    None
 Throw Flame              Conj/Fire      ######       1%          2    None
 Throw Frost              Conj/Ice       ######       1%          2    None
 Dazzling Spray           Conj/Hex       ######       1%          3    None
 Stone Arrow              Conj/Erth      ######       1%          3    None
 Throw Icicle             Conj/Ice       #######.     1%          4    None
 Inner Flame              Hex/Fire       ######..     2%          3    None
 Summon Small Mammal      Summ           ####         3%          1    None
 Call Imp                 Summ           ######..     4%          2    None
 Force Lance              Conj/Tloc      ######..     4%          4    None
 Infusion                 Chrm           ####         5%          1    None
 Song of Slaying          Chrm           ######..     9%          2    None
 Call Canine Familiar     Summ           ######..     9%          3    None
 Ensorcelled Hibernation  Hex/Ice        #####.       13%         2    None
 Shroud of Golubria       Chrm/Tloc      #####.....   16%         2    None
 Animate Skeleton         Necr           N/A          19%         1    None
 Apportation              Tloc           ####..       19%         1    None
 Confusing Touch          Hex            ####..       19%         1    None
 Corona                   Hex            ####...      19%         1    None
 Pain                     Necr           ####         19%         1    None
 Summon Guardian Golem    Hex/Summ       #####...     22%         3    None
 Blink                    Tloc           N/A          28%         2    None
 Corpse Rot               Necr           N/A          28%         2    None
 Regeneration             Chrm/Necr      #####.....   30%         3    None
 Spectral Weapon          Hex/Chrm       #####...     30%         3    None
 Summon Ice Beast         Ice/Summ       ######..     32%         4    None
 Confuse                  Hex            ####....     50%         3    None
 Gell's Gravitas          Tloc           ####......   50%         3    None
 Lesser Beckoning         Tloc           ####......   50%         3    None
 Portal Projectile        Hex/Tloc       ####..       50%         3    None
 Teleport Other           Tloc           ####....     50%         3    None
 Tukima's Dance           Hex            ####....     50%         3    None
 Vampiric Draining        Necr           ####......   50%         3    None
 Summon Lightning Spire   Summ/Air       #####...     58%         4    None
 Summon Demon             Summ           ######....   63%         5    None
 Animate Dead             Necr           N/A          88%         4    None
 Leda's Liquefaction      Hex/Erth       ####......   88%         4    None
 Passage of Golubria      Tloc           N/A          88%         4    None
 Summon Forest            Summ/Tloc      #####.....   91%         5    None
 Hydra Form               Tmut           ####......   100%        6    ##.....
 Summon Hydra             Summ           ######....   100%        7    ####...


Dungeon Overview and Level Annotations

Branches:
Dungeon (15/15)            Temple (0/1) D:4            Lair (6/6) D:11
  Swamp (0/4) Lair:3        Snake (2/4) Lair:4        Slime (0/5) Lair:6
    Orc (2/2) D:9             Elf (0/3) Orc:2        Vaults (0/5) D:14
 Depths (0/5) D:15

Altars:
Ashenzari
Dithmenos
Fedhas
Nemelex Xobeh
Okawaru
Qazlal
Vehumet
Xom
The Shining One
Beogh
Jiyva

Shops:
D:6 ?*}[=   D:7 %*!(*   D:8 *   D:10 *   D:12 %   Orc:2 *:%*   Snake:2 :

Annotations:
D:4 1 runed door, Tardy's ghost, amateur CeAM
Lair:2 exclusion: oklob plant
Lair:4 1 runed door, zyena's ghost, journeyman DsFi


Innate Abilities, Weirdness & Mutations

You are resistant to torment.
Your stone body is resilient. (AC +12)
You are immune to poison.
Your large and strong wings let you fly indefinitely.
You resist negative energy. (rN+)
You are resistant to electric shocks. (rElec)
You can survive without breathing.
You are immune to petrification.
You are immune to rotting.
You have sharp fingernails.
You have large cloven feet.
Your mind is acute. (Int +2)


Message History

Aim: a black mamba (almost dead, covered in liquid flames)
The sticky flame hits the black mamba.
You kill the black mamba!
Vehumet accepts your kill.
You feel your power returning.
The nagaraja hits you but does no damage. x2
You see here a black mamba corpse.
The nagaraja points at you and mumbles some strange words.
You resist with almost no effort.
Casting: Sticky Flame (safe; 1% risk of failure)
Confirm with . or Enter, or press ? or * to list all spells.
You don't have enough magic to cast that spell.
Unknown command.
The nagaraja points at you and mumbles some strange words.
You resist with almost no effort. The nagaraja spits poison at you.
The splash of poison hits you! You resist.
The nagaraja points at you and mumbles some strange words.
The orb of energy hits you!
You die...

##############.###....)..## #.#
#........# #### #.###......#.##
...###########...#[.....#..###
............................>#
...#############.#########.#.####
...# #.##....)...#..... ...#
#.##..........∩### ####
#@##...........###
#.##########...##. #######.#
#...##. ........### ##..##.
#######...#########..##.
#(NN†.N...............#.
#N#####...##########..#. #(#
#...# #.... #N# #...# #....


You could see a nagaraja.

Vanquished Creatures
  Rupert (Lair:5)
  Frances (D:13)
  Nessos (Lair:4)
  A minotaur (Lab)
  Snorg (Lair:4)
  A fire dragon (Lair:6)
  Josephine (Orc:1)
  Erolcha (Orc:2)
  A yaktaur captain (D:14)
  7 hydras
  3 naga warriors (Snake:1)
  4 vault guards (D:14)
  The ghost of jusw85 the Impaler, a journeyman MfAK of Lugonu (Lair:1)
  Harold (Orc:1)
  4 anacondas (Snake:2)
  5 two-headed ogres
  6 centaur warriors
  2 ogre magi (D:14)
  3 shock serpents
  A tengu warrior (D:14)
  Urug (Lair:6)
  3 death yaks
  A naga sharpshooter (Snake:2)
  5 orc high priests
  Sonja (Orc:1)
  4 skeletal warriors
  4 sea snakes (Snake:1)
  A flayed ghost (D:15)
  6 orc knights
  2 lindwurms (Lair:6)
  2 naga ritualists (Snake:1)
  Pikel (D:6)
  2 necromancers
  8 orc sorcerers
  2 wolf spiders (Lair:6)
  5 mana vipers
  A deep elf mage (D:15)
  6 cyclopes
  2 salamanders
  12 ugly things
  3 manticores
  5 elephants (Lair:6)
  Maurice (Orc:1)
  A frost giant skeleton (D:15)
  A fire giant skeleton (D:15)
  A guardian serpent (shapeshifter) (D:14)
  19 black mambas
  A guardian serpent (Lair:6)
  5 torpor snails (Lair:6)
  8 gargoyles
  7 centaur skeletons
  An elf zombie (D:15)
  7 naga magi
  15 spiny frogs
  5 komodo dragons
  3 rime drakes
  3 efreet
  3 kobold demonologists
  2 freezing wraiths
  A guardian mummy (D:15)
  3 trolls
  2 polar bears
  9 meliai (D:14)
  A queen bee (Orc:1)
  32 blink frogs
  Prince Ribbit (D:6)
  8 hornets (Lair:6)
  4 tyrant leeches
  2 hippogriffs
  A deep troll zombie (D:15)
  5 slime creatures
  5 dream sheep (Lair:4)
  Sigmund (D:2)
  11 wyverns
  4 wraiths
  2 shadows
  A redback (Lair:6)
  A vampire (D:15)
  3 basilisks
  27 yaks
  A hungry ghost (D:9)
  7 vampire mosquitoes
  Menkaure (D:6)
  3 wargs
  A swamp worm (Lair:3)
  Edmund (D:4)
  10 nagas
  25 water moccasins
  3 acid dragons
  4 porcupines
  An ice beast (D:6)
  5 sky beasts
  19 orc warriors
  4 black bears
  2 eyes of draining (D:8)
  2 phantoms
  A necrophage (D:9)
  13 ogres
  12 centaurs
  15 crocodiles
  4 big kobolds
  2 wyvern zombies
  10 bullfrogs
  A wyvern skeleton (D:12)
  4 scorpions
  28 killer bees
  A howler monkey (D:13)
  4 electric eels
  5 crimson imps
  A bullfrog zombie (D:12)
  3 centaur zombies
  4 lava snakes (Lab)
  2 hounds (D:10)
  22 orc priests
  3 jellies
  4 iguanas
  A bullfrog skeleton (D:12)
  18 orc wizards
  Natasha (thrice) (D:2)
  16 worker ants
  A hound skeleton (D:7)
  A howler monkey zombie (D:5)
  2 worker ant zombies (D:5)
  Robin (D:3)
  A howler monkey skeleton (D:8)
  12 adders
  3 gnolls (Orc:2)
  6 shadow imps
  An ooze (D:1)
  3 adder skeletons (D:6)
  3 worms
  2 dart slugs
  2 leopard geckos
  61 orcs
  6 ball pythons
  3 giant cockroaches
  16 goblins
  9 hobgoblins
  13 jackals
  7 quokkas
  7 bats
  2 frilled lizards
  24 kobolds
  A leopard gecko zombie (D:7)
  A quokka skeleton (D:7)
  A quokka zombie (D:6)
  5 rats
  A fungus (Lair:6)
  A plant (Lair:6)
792 creatures vanquished.

Vanquished Creatures (others)
  A bullfrog (D:14)
  An orc priest (Orc:2)
  A centaur skeleton (D:6)
  2 adders (D:6)
  19 fungi
  26 plants
  15 toadstools (Lair:2)
  3 withered plants (D:15)
68 creatures vanquished.

Grand Total: 860 creatures vanquished

Notes
Turn   | Place    | Note
-------+----------+-------------------------------------------
     0 | D:1      | TheGoonsmith the Gargoyle Fire Elementalist began the quest
                  | for the Orb.
     0 | D:1      | Reached XP level 1. HP: 10/10 MP: 3/3
    69 | D:1      | Reached XP level 2. HP: 15/15 MP: 0/5
   708 | D:1      | Reached XP level 3. HP: 19/19 MP: 4/6
  1259 | D:2      | Noticed Natasha
  1263 | D:2      | Killed Natasha
  1263 | D:2      | Reached XP level 4. HP: 15/24 MP: 0/7
  1382 | D:2      | Noticed Natasha
  1396 | D:2      | Killed Natasha
  1400 | D:2      | Noticed Natasha
  1407 | D:2      | Killed Natasha
  1407 | D:2      | Reached XP level 5. HP: 12/28 MP: 0/8
  1577 | D:2      | Learned a level 4 spell: Sticky Flame
  1581 | D:2      | Learned a level 3 spell: Conjure Flame
  1845 | D:2      | Noticed Sigmund
  1868 | D:2      | Killed Sigmund
  1868 | D:2      | Reached skill level 5 in Conjurations
  1868 | D:2      | Reached XP level 6. HP: 21/32 MP: 0/9
  2317 | D:3      | Noticed Robin
  2650 | D:3      | Killed Robin
  3056 | D:4      | Found a runed door.
  3062 | D:4      | Noticed Tardy's ghost (amateur CeAM)
  3069 | D:4      | Found a radiant altar of Vehumet.
  3072 | D:4      | Noticed Edmund
  3100 | D:4      | Gained mutation: You have sharp fingernails. [potion of
                  | mutation]
  3100 | D:4      | Gained mutation: You have large cloven feet. [potion of
                  | mutation]
  3100 | D:4      | Gained mutation: Your mind is acute. (Int +2) [potion of
                  | mutation]
  3105 | D:4      | Killed Edmund
  3105 | D:4      | Reached XP level 7. HP: 12/36 MP: 0/10
  3130 | D:4      | Became a worshipper of Vehumet
  3352 | D:4      | Found a staircase to the Ecumenical Temple.
  3370 | D:4      | Reached skill level 5 in Fire Magic
  4065 | D:5      | Entered Level 5 of the Dungeon
  4650 | D:5      | Found an iron altar of Okawaru.
  4785 | D:6      | Reached XP level 8. HP: 41/41 MP: 13/15
  4786 | D:6      | Found Zaacom's Antique Armour Shoppe.
  4801 | D:6      | Reached skill level 5 in Spellcasting
  4932 | D:6      | Noticed Menkaure
  4949 | D:6      | Reached skill level 1 in Fighting
  4956 | D:6      | Killed Menkaure
  5077 | D:6      | Found Ryf Hol's Gadget Shop.
  5141 | D:6      | Found a shadowy altar of Dithmenos.
  5163 | D:6      | Reached * piety under Vehumet
  5163 | D:6      | Offered knowledge of Sting by Vehumet.
  5163 | D:6      | Reached skill level 2 in Fighting
  5164 | D:6      | Found Owauv's Jewellery Emporium.
  5192 | D:6      | Noticed Prince Ribbit
  5202 | D:6      | Killed Prince Ribbit
  5230 | D:6      | Reached skill level 3 in Fighting
  5294 | D:6      | Noticed Pikel
  5308 | D:6      | Killed Pikel
  5308 | D:6      | Reached skill level 4 in Fighting
  5308 | D:6      | Reached XP level 9. HP: 52/52 MP: 6/18
  5536 | D:6      | Found Qestuijo's Assorted Antiques.
  5541 | D:6      | Bought a bloodstained mace for 168 gold pieces
  5541 | D:6      | Bought a pair of glowing boots for 157 gold pieces
  5563 | D:6      | Identified the +8 mace "Qifexet" {crush, rC- MR+ Stlth+}
                  | (You bought it in a shop on level 6 of the Dungeon)
  5600 | D:6      | Reached skill level 5 in Fighting
  6065 | D:6      | Found Tutoq's Magic Scroll Boutique.
  6090 | D:6      | Found a glowing golden altar of the Shining One.
  6166 | D:6      | Found a shimmering altar of Xom.
  6167 | D:6      | Found a sparkling altar of Nemelex Xobeh.
  6188 | D:6      | Learned a level 5 spell: Fireball
  6284 | D:7      | Offered knowledge of Searing Ray by Vehumet.
  6308 | D:7      | Learned a level 2 spell: Searing Ray
  6392 | D:7      | Reached ** piety under Vehumet
  6496 | D:7      | Found a stormy altar of Qazlal.
  6499 | D:7      | Found Umifia's Food Shoppe.
  6541 | D:7      | Found Niloipp's Distillery.
  6545 | D:7      | Found Weesoc's Assorted Antiques.
  6553 | D:7      | Bought a scroll labeled VEVOBU NATOZ for 25 gold pieces
  6689 | D:7      | Found Bacweyra's General Store.
  7190 | D:7      | Found Kasirhumn's Weapon Boutique.
  7360 | D:8      | Reached XP level 10. HP: 59/59 MP: 1/19
  7708 | D:8      | Offered knowledge of Throw Frost by Vehumet.
  8011 | D:8      | Reached *** piety under Vehumet
  8031 | D:8      | Noticed a two-headed ogre
  8052 | D:8      | Killed a two-headed ogre
  8052 | D:8      | Reached skill level 6 in Fighting
  8157 | D:8      | Found a shattered altar of Ashenzari.
  8214 | D:8      | Found Tewei's Demolitions Depot.
  8565 | D:9      | Found a staircase to the Orcish Mines.
  8565 | D:9      | Noticed a two-headed ogre
  9454 | D:9      | Offered knowledge of Iskenderun's Mystic Blast by Vehumet.
  9470 | D:9      | Killed a two-headed ogre
  9470 | D:9      | Reached skill level 7 in Fighting
  9586 | D:9      | Reached XP level 11. HP: 62/68 MP: 8/21
  9608 | D:9      | Reached skill level 8 in Fighting
  9608 | D:9      | Reached skill level 5 in Maces & Flails
  9818 | Orc:1    | Entered Level 1 of the Orcish Mines
  9818 | Orc:1    | Noticed Maurice
  9828 | Orc:1    | Killed Maurice
  9889 | Orc:1    | Noticed Josephine
 10091 | Orc:1    | Killed Josephine
 10339 | Orc:1    | Noticed Harold
 10369 | Orc:1    | Killed Harold
 10375 | Orc:1    | Noticed an orc sorcerer
 10580 | Orc:1    | Noticed an orc sorcerer
 10589 | Orc:1    | Killed an orc sorcerer
 10589 | Orc:1    | Noticed an orc high priest
 10615 | Orc:1    | Killed an orc high priest
 10626 | Orc:1    | Killed an orc sorcerer
 10731 | Orc:1    | Noticed an orc knight
 10742 | Orc:1    | HP: 3/69 [orc knight/battleaxe (16)]
 10759 | Orc:1    | Killed an orc knight
 10759 | Orc:1    | Reached **** piety under Vehumet
 11279 | Orc:1    | Found a roughly hewn altar of Beogh.
 11295 | Orc:1    | Noticed Sonja
 11307 | Orc:1    | Offered knowledge of Force Lance by Vehumet.
 11333 | Orc:1    | Killed Sonja
 11333 | Orc:1    | Reached skill level 9 in Fighting
 11464 | Orc:1    | Found a roughly hewn altar of Beogh.
 11980 | Orc:1    | Found a transporter.
 12012 | Orc:1    | Reached XP level 12. HP: 76/76 MP: 12/23
 12180 | Orc:1    | Reached skill level 10 in Conjurations
 12387 | Orc:1    | Noticed a two-headed ogre
 12387 | Orc:1    | Noticed an ettin
 12387 | Orc:1    | Noticed an orc high priest
 12387 | Orc:1    | Found a roughly hewn altar of Beogh.
 12388 | Orc:1    | Noticed an orc warlord
 12390 | Orc:1    | Noticed a two-headed ogre
 12398 | Orc:1    | Killed a two-headed ogre
 12693 | Orc:2    | Entered Level 2 of the Orcish Mines
 12693 | Orc:2    | Found a staircase to the Elven Halls.
 12884 | Orc:2    | Noticed an orc high priest
 12896 | Orc:2    | Killed an orc high priest
 13697 | Orc:2    | Noticed Erolcha
 13707 | Orc:2    | Killed Erolcha
 13707 | Orc:2    | Reached skill level 10 in Fighting
 13881 | Orc:2    | Found Xovvaaga's Assorted Antiques.
 13894 | Orc:2    | Noticed an orc high priest
 14143 | Orc:2    | Noticed a sun demon
 14144 | Orc:2    | Noticed a sun demon
 14839 | Orc:2    | Reached skill level 11 in Fighting
 15003 | Orc:2    | Noticed a soul eater
 15012 | Orc:2    | Noticed a sun demon
 15024 | Orc:2    | Killed an orc high priest
 15305 | Orc:2    | Noticed an orc high priest
 15309 | Orc:2    | Killed an orc high priest
 15309 | Orc:2    | Reached skill level 12 in Fighting
 15353 | Orc:2    | Reached XP level 13. HP: 31/86 MP: 1/25
 15577 | Orc:2    | Found Ufuuvoq's Food Shoppe.
 15586 | Orc:2    | Found Lanerch's Book Boutique.
 15593 | Orc:2    | Found Heyrot's General Store.
 15607 | Orc:2    | Bought an emerald potion for 15 gold pieces
 15607 | Orc:2    | Bought a viscous cyan potion for 15 gold pieces
 15924 | D:6      | Bought a scroll of teleportation for 63 gold pieces
 15924 | D:6      | Bought 2 scrolls labeled FUEGALL JARA for 42 gold pieces
 15924 | D:6      | Bought a scroll labeled XEDGHU HUAGH for 21 gold pieces
 15941 | D:6      | Bought a scroll of enchant armour for 82 gold pieces
 15941 | D:6      | Bought a scroll of identify for 22 gold pieces
 15941 | D:6      | Bought a scroll of teleportation for 33 gold pieces
 15941 | D:6      | Bought a scroll of identify for 22 gold pieces
 15941 | D:6      | Bought a scroll of teleportation for 33 gold pieces
 15941 | D:6      | Bought a scroll of identify for 22 gold pieces
 15941 | D:6      | Bought a scroll of identify for 22 gold pieces
 16374 | D:10     | Entered Level 10 of the Dungeon
 16498 | D:9      | Reached skill level 5 in Dodging
 17146 | D:10     | Found Uphyvvu's General Store.
 17374 | D:10     | Reached ***** piety under Vehumet
 18076 | D:11     | Found a staircase to the Lair.
 18236 | D:11     | Offered knowledge of Lightning Bolt by Vehumet.
 18866 | D:12     | Learned a level 3 spell: Ozocubu's Armour
 19002 | D:12     | Reached skill level 1 in Ice Magic
 19079 | D:12     | Found Raurhac's Food Shoppe.
 19170 | D:12     | Reached skill level 1 in Charms
 19722 | D:13     | Noticed Frances
 20357 | D:13     | Found a shattered altar of Ashenzari.
 20867 | D:13     | You fall through a shaft!
 20867 | D:14     | Found a gate to the Vaults.
 20867 | D:14     | Noticed a vault guard
 20867 | D:14     | Noticed a vault guard
 20867 | D:14     | Noticed a vault guard
 20867 | D:14     | Noticed a vault guard
 21012 | D:14     | Killed a vault guard
 21200 | D:14     | Gained mutation: Your large and strong wings let you fly
                  | indefinitely. [Gargoyle growth]
 21200 | D:14     | Reached XP level 14. HP: 90/92 MP: 26/26
 21409 | Lair:1   | Entered Level 1 of the Lair of Beasts
 21600 | Lair:1   | Found a runed gate.
 21600 | Lair:1   | Found a runed gate.
 21600 | Lair:1   | Found a runed gate.
 21630 | Lair:1   | Noticed jusw85's ghost (journeyman MfAK)
 21656 | Lair:1   | Killed jusw85's ghost
 22221 | Lair:1   | Got a wavering bronze ring
 23329 | Lair:2   | Found a blossoming altar of Fedhas.
 24397 | Lair:3   | Found a staircase to the Swamp.
 24467 | Lair:3   | Found a sparkling altar of Nemelex Xobeh.
 24689 | Lair:4   | Found a labyrinth entrance.
 24698 | Lab      | Entered a labyrinth
 24820 | Lab      | Identified the Almanac of Displacement and the Entourage
 25028 | Lab      | Reached skill level 10 in Spellcasting
 25175 | Lab      | Got a pitted bronze ring
 25192 | Lair:4   | Identified the ring "Lelamir" {rPois MR+ MP+9} (You took it
                  | off a minotaur in a labyrinth)
 25193 | Lair:4   | Identified the ring of Pyromania {rElec Int+3 Stlth-} (You
                  | found it on level 1 of the Lair of Beasts)
 26045 | Lair:4   | Noticed Nessos
 26367 | Lair:4   | Killed Nessos
 26669 | Lair:4   | Offered knowledge of Yara's Violent Unravelling by Vehumet.
 26671 | Lair:4   | Noticed Snorg
 26687 | Lair:4   | Killed Snorg
 26845 | Lair:4   | Found a staircase to the Snake Pit.
 27247 | Lair:4   | Found a runed door.
 27249 | Lair:4   | Noticed zyena's ghost (journeyman DsFi)
 28323 | Lair:6   | Entered Level 6 of the Lair of Beasts
 28334 | Lair:6   | Noticed Rupert
 28342 | Lair:6   | Paralysed by Rupert for 4 turns
 28353 | Lair:5   | Killed Rupert
 28353 | Lair:5   | Reached XP level 15. HP: 77/96 MP: 15/31
 28579 | Lair:6   | Found a viscous altar of Jiyva.
 28579 | Lair:6   | Found a staircase to the Slime Pits.
 28620 | Lair:6   | Reached skill level 1 in Long Blades
 30008 | Lair:6   | Noticed Urug
 30011 | Lair:6   | Killed Urug
 30128 | Lair:6   | Reached skill level 13 in Fighting
 30637 | Lair:6   | Reached skill level 10 in Dodging
 30665 | Lair:6   | Found a runed door.
 31507 | Lair:6   | Got a shimmering cloak
 31508 | Lair:6   | Identified the +2 cloak of the Black Moon {+Blink Stlth+}
                  | (You found it on level 6 of the Lair of Beasts)
 32197 | D:13     | Killed Frances
 32197 | D:13     | Reached skill level 1 in Armour
 32501 | D:7      | Bought the cursed +0 chain mail "Gyffob" {rPois rCorr
                  | Int+10 Dex-2} for 386 gold pieces
 32501 | D:7      | Bought a scroll of enchant armour for 82 gold pieces
 32519 | D:7      | Got a smoking helmet
 32520 | D:7      | Identified the +2 helmet of Exclusion {Int+6} (You acquired
                  | it on level 7 of the Dungeon)
 32553 | D:7      | Bought a potion of curing for 42 gold pieces
 32553 | D:7      | Bought a potion of agility for 56 gold pieces
 32553 | D:7      | Bought a potion of curing for 42 gold pieces
 32553 | D:7      | Bought a potion of might for 56 gold pieces
 32553 | D:7      | Bought a potion of curing for 42 gold pieces
 32553 | D:7      | Bought a potion of curing for 42 gold pieces
 32553 | D:7      | Bought a potion of curing for 42 gold pieces
 32553 | D:7      | Bought a potion of heal wounds for 70 gold pieces
 32668 | D:7      | Bought a paperback book for 375 gold pieces
 32668 | D:7      | Bought a potion of heal wounds for 125 gold pieces
 32668 | D:7      | Bought a leatherbound book for 375 gold pieces
 32929 | D:14     | Reached skill level 5 in Long Blades
 33316 | D:14     | Reached XP level 16. HP: 35/105 MP: 20/32
 34033 | D:14     | Offered knowledge of Spellforged Servitor by Vehumet.
 34038 | D:14     | Reached skill level 14 in Fighting
 34047 | D:14     | Learned a level 7 spell: Spellforged Servitor
 34816 | D:15     | Entered Level 15 of the Dungeon
 35071 | D:15     | Reached skill level 5 in Armour
 35121 | D:15     | Found a staircase to the Depths.
 35213 | D:15     | HP: 3/107 [efreet/bolt of fire (13)]
 36587 | Snake:1  | Entered Level 1 of the Snake Pit
 36692 | Snake:1  | Reached skill level 15 in Fighting
 36858 | Snake:1  | Reached skill level 1 in Summonings
 37518 | Snake:1  | Offered knowledge of Ozocubu's Refrigeration by Vehumet.
 38188 | Snake:2  | Found Qirphi Cua's Book Boutique.
 38280 | Snake:2  | Reached XP level 17. HP: 109/113 MP: 33/33
 38309 | Snake:2  | HP: 1/113 [black mamba (11)]
 38319 | Snake:2  | Killed from afar by a nagaraja

Vault maps used:
D:1:      dpeg_arrival_rhombus, serial_glass, glass_columns_b, glass_columns_c,
          glass_columns_b, glass_columns_b, glass_columns_a, glass_columns_a,
          columned_hall_lemuel
D:2:      first_ration, uniq_natasha, uniq_sigmund
D:3:      moated_statue, uniq_robin
D:4:      nicolae_overflow_crystal_walls, minmay_temple_entry_overgrown,
          ebering_ghost_sewer_d, uniq_edmund
D:5:      okawaru_altar_gauntlet_db
D:6:      nicolae_dithmenos_through_a_glass_darkly,
          gammafunk_temple_overflow_pools, tso_oasis_becter, serial_shops, shop,
          kennysheep_mini_moat, shop, nicolae_shop_overgrown_old_shop, shop,
          st_stairs_7, uniq_prince_ribbit1, uniq_menkaure, uniq_pikel
D:7:      serial_shops, shop_statue, shop, shop, shop, kennysheep_little_box,
          basic_altar, grunt_ogre_cave
D:8:      old_standard_altar, nicolae_blasting_shop
D:9:      orc_0_dummy
D:10:     serial_shops, shop_statue
D:11:     lair_entry_dummy
D:12:     serial_shops, shop
D:13:     evilmike_ruin_ashenzari, uniq_frances
D:14:     lightli_vaults_fourway_checkpoint, minmay_misc_feat_diagonals,
          grunt_ministairs_11, minivault_28
D:15:     gammafunk_depths_entry_grave, serial_park_tiny_1
Lair:1:   ebering_ghost_rock_garden, lemuel_fruit_fields, grunt_megastairs_3,
          lemuel_fruit_tree
Lair:2:   tgw_fedhas, serial_bayou_shore_b
Lair:3:   minmay_swamp_entry_worms, basic_altar, minivault_11
Lair:4:   minmay_snake_entry_six_corridors, ebering_ghost_inner_flame,
          lab_entry_generic, gammafunk_lair_bear_cave, uniq_snorg, uniq_nessos
Lair:5:   minivault_27
Lair:6:   wormcave, hangedman_lair_tendril_chambers, slime_altar_1,
          nicolae_lair_grove_arrangements, uniq_rupert, uniq_urug
Snake:1:  st_stairs_6
Snake:2:  serial_shops, shop
Orc:1:    gammafunk_beogh_shrine, special_room, basic_altar,
          minmay_orc_temple_a, uniq_maurice, uniq_josephine, uniq_sonja,
          uniq_harold
Orc:2:    st_orc_elflike, uniq_erolcha
Lab:      labyrinth_spiral, nicolae_lab_do_over, labyrinth_lava_lair,
          nicolae_lab_flowing_pool, nicolae_lab_dead_end, nicolae_lab_blocks

Skill      XL: |  1  2  3  4  5  6  7  8  9 10 11 12 13 14 15 16 |
---------------+-------------------------------------------------+-----
Conjurations   | 2 3 5 6 7 8 9 11 12 | 12.2
Fire Magic     | 4 5 6 7 8 9 |  9.0
Spellcasting   | 4 6 7 8 12 | 12.0
Fighting       | 4 5 7 9 12 13 15 | 15.0
Dodging        | 4 7 9 10 | 10.5
Maces & Flails | 4 7 8 |  8.0
Shields        | 3 4 |  4.4
Ice Magic      | 4 |  4.0
Charms         | 3 |  3.1
Long Blades    | 5 8 |  8.0
Armour         | 2 5 |  5.0
Summonings     | 4 |  4.6
Stealth        | |  2.1

Action                   |  1- 3 |  4- 6 |  7- 9 | 10-12 | 13-15 | 16-18 || total
-------------------------+-------+-------+-------+-------+-------+-------++-------
Melee: Short sword       |    11 |    28 |       |       |       |       ||    39
       Dire flail        |       |       |    99 |   246 |   506 |       ||   851
       Kick              |       |       |    17 |       |       |       ||    17
       Great sword       |       |       |       |       |   157 |   228 ||   385
 Cast: Flame Tongue      |    49 |    82 |   211 |   386 |   723 |    93 ||  1544
       Conjure Flame     |       |       |     4 |     7 |     4 |     4 ||    19
       Sticky Flame      |       |       |     9 |    43 |   128 |    69 ||   249
       Fireball          |       |       |       |    17 |    66 |    66 ||   149
       Ozocubu's Armour  |       |       |       |       |     3 |       ||     3
       Searing Ray       |       |       |       |       |     1 |     2 ||     3
 Abil: Fly               |       |       |       |       |     1 |       ||     1
       Stop Flying       |       |       |       |       |     1 |       ||     1
  Use: Scroll            |       |     8 |     6 |     6 |    24 |     2 ||    46
       Potion            |       |     3 |       |     3 |     3 |     2 ||    11
  Eat: Chunk             |     2 |     6 |    15 |    26 |    32 |     6 ||    87
       Ration            |       |       |       |     3 |     9 |     3 ||    15
Armor: Robe              |     6 |    10 |       |       |   640 |       ||   656
       Leather armour    |       |    18 |   104 |   227 |     4 |       ||   353
       Chain mail        |       |       |       |       |    18 |   333 ||   351
       Fire dragon scale |       |       |       |       |     6 |       ||     6
Dodge: Dodged            |    22 |    21 |   135 |   288 |   985 |   167 ||  1618
       Rpst.: Great sword |       |       |       |       |    99 |    36 ||   135

Table legend:
 A = Non-vault XP
 B = Vault XP
 C = Vault XP percentage of total XP
 D = Non-vault monster count
 E = Vault monster count
 F = Vault count percentage of total count
                 A         B        C        D         E       F
            +---------+---------+-------+---------+---------+-------
      Total |  116093 |   70890 |  37.9 |     571 |     219 |  27.7
            +---------+---------+-------+---------+---------+-------
        D:1 |      43 |       0 |   0.0 |      22 |       0 |   0.0
        D:2 |     102 |     277 |  73.1 |      21 |       4 |  16.0
        D:3 |      31 |      35 |  53.0 |       8 |      11 |  57.9
        D:4 |     192 |     162 |  45.8 |       7 |       1 |  12.5
        D:5 |     326 |       9 |   2.7 |      17 |       5 |  22.7
        D:6 |    1292 |    1233 |  48.8 |      30 |       4 |  11.8
        D:7 |     571 |     116 |  16.9 |      28 |       1 |   3.4
        D:8 |    2562 |       0 |   0.0 |      33 |       0 |   0.0
        D:9 |    3524 |     617 |  14.9 |      35 |       3 |   7.9
       D:10 |    6133 |       0 |   0.0 |      35 |       0 |   0.0
       D:11 |    1406 |       0 |   0.0 |       6 |       0 |   0.0
       D:12 |    3122 |       0 |   0.0 |      16 |       0 |   0.0
       D:13 |    7960 |    2798 |  26.0 |      33 |       2 |   5.7
       D:14 |   10990 |   13143 |  54.5 |      30 |      27 |  47.4
       D:15 |   11782 |    4016 |  25.4 |      39 |       8 |  17.0
     Lair:1 |    2941 |    2406 |  45.0 |       8 |       4 |  33.3
     Lair:2 |    1770 |       0 |   0.0 |      10 |       0 |   0.0
     Lair:3 |    4377 |    1146 |  20.7 |      19 |       5 |  20.8
     Lair:4 |    5469 |    4744 |  46.5 |      18 |      22 |  55.0
     Lair:5 |    3525 |    3025 |  46.2 |      11 |       1 |   8.3
     Lair:6 |   12398 |   18735 |  60.2 |      41 |      54 |  56.8
    Snake:1 |   18972 |     153 |   0.8 |      40 |       1 |   2.4
    Snake:2 |    9323 |       0 |   0.0 |      15 |       0 |   0.0
      Orc:1 |    4039 |    5771 |  58.8 |      28 |      32 |  53.3
      Orc:2 |    3243 |    9416 |  74.4 |      21 |      25 |  54.3
        Lab |       0 |    3088 | 100.0 |       0 |       9 | 100.0
            +---------+---------+-------+---------+---------+-------
